Map: Ascension to Aiur LE

Players

Semper - Winner!

  • Race: Terran Terran
  • Spawn Location: 11:00

ObiWanPwnobi

  • Race: Protoss Protoss
  • Spawn Location: 5:00

Event: WCS Montreal 2017

VOD

Have the link to the VOD?

Description

Time

  • Played on: Sept. 8, 2017, 11:29 a.m.
  • Length: 13:10

All games in this series

Show
View Real Time Build Order
Export as new Build Order

Semper Terran - Winner!

Build Orders: Reaper Expand, MMM Bio 

Get SALT Encoding   

  12  0:00  SCV  
  13  0:13  SCV  
  14  0:17  Supply Depot  
  14  0:25  SCV  
  15  0:39  SCV  
  15  0:40  Barracks  
  16  0:44  Refinery  
  16  0:51  SCV  
  17  1:03  SCV  
  18  1:16  SCV  
  19  1:28  Orbital Command, Reaper  
  20  1:41  Command Center  
  20  1:52  Supply Depot  
  20  1:54  SCV  
  21  1:59  Marine  
  22  2:06  SCV  
  23  2:10  Factory  
  23  2:18  SCV  
  23  2:22  Barracks Reactor  
  24  2:24  Refinery  
  24  2:30  SCV  
  25  2:42  SCV  
  26  2:53  Orbital Command  
  26  2:54  SCV  
  26  2:55  Starport  
  27  2:58  Widow Mine  
  27  2:59  Marine  
  27  3:00  Marine  
  31  3:06  SCV  
  32  3:18  SCV  
  32  3:19  SCV  
  34  3:20  Supply Depot  
  34  3:21  Marine x2  
  36  3:30  SCV  
  36  3:33  Medivac  
  39  3:34  SCV, Widow Mine  
  42  3:43  SCV  
  42  3:46  SCV  
  42  3:47  Supply Depot  
  44  3:49  Marine x2  
  44  3:55  SCV  
  47  3:58  SCV  
  48  4:03  Barracks  
  48  4:04  Barracks, Engineering Bay  
  48  4:07  SCV  
  48  4:08  Marine  
  48  4:09  Marine  
  51  4:10  SCV  
  51  4:15  Factory Tech Lab, Supply Depot  
  51  4:16  Starport Tech Lab  
  52  4:19  SCV  
  52  4:22  SCV  
  55  4:31  SCV, Terran Infantry Weapons Level 1  
  55  4:35  SCV  
  56  4:40  Supply Depot, Refinery, Missile Turret  
  56  4:43  SCV  
  56  4:44  Starport Reactor  
  57  4:47  SCV  
  52  4:53  Marine x2  
  52  4:55  SCV  
  52  4:59  Factory Reactor, SCV  
  52  5:02  Combat Shields, Stimpack  
  52  5:05  Marauder x2  
  56  5:07  SCV  
  56  5:08  Bunker  
  56  5:10  Supply Depot  
  56  5:11  Marine, SCV  
  57  5:16  Marine  
  57  5:19  SCV  
  59  5:21  Medivac  
  59  5:22  Supply Depot, Medivac  
  59  5:23  SCV  
  64  5:30  Marine, Marauder  
  64  5:31  SCV, Marauder  
  64  5:35  SCV  
  71  5:36  Widow Mine  
  71  5:41  Supply Depot  
  73  5:43  Refinery  
  73  5:45  SCV  
  74  5:57  Marine x2, SCV  
  75  5:58  Marauder x2  
  75  6:01  SCV  
  82  6:04  Medivac x2  
  82  6:07  Supply Depot  
  86  6:13  Missile Turret  
  86  6:14  Missile Turret  
  86  6:15  SCV  
  86  6:17  Marine x2  
  89  6:22  Barracks  
  89  6:23  Barracks  
  89  6:24  SCV  
  90  6:28  SCV  
  90  6:31  Command Center  
  91  6:37  SCV  
  91  6:39  Liberator x2  
  92  6:42  Marine, Marauder  
  92  6:43  Marine  
  92  6:44  Factory Reactor, Marauder  
  98  6:48  SCV  
  98  6:49  SCV  
  100  7:00  SCV  
  107  7:03  Supply Depot, Terran Infantry Armor Level 1  
  107  7:05  Supply Depot  
  107  7:11  Starport  
  107  7:13  SCV  
  108  7:21  Barracks Tech Lab, Barracks Reactor, Marauder  
  110  7:25  SCV, Marauder  
  110  7:26  Liberator x2  
  110  7:27  SCV  
  113  7:40  Marine  
  113  7:41  Marauder  
  115  7:45  Orbital Command  
  115  7:46  SCV x2, Refinery  
  115  7:47  Refinery  
  115  7:50  Marine  
  115  7:51  Marauder  
  120  7:58  SCV x2  
  121  8:08  Supply Depot  
  121  8:10  Armory, SCV  
  121  8:11  Marine x3, SCV, Engineering Bay, Marauder x2  
  130  8:20  Marine, Marauder  
  130  8:22  Concussive Shells  
  130  8:23  Viking x2  
  137  8:32  Viking x2  
  137  8:33  Marine  
  137  8:34  Marauder  
  143  8:35  Marine x2  
  143  8:40  Supply Depot  
  145  8:43  Supply Depot  
  145  8:52  Supply Depot  
  145  8:54  Marauder x2  
  149  8:58  Supply Depot  
  149  9:02  Viking x2, Marine x2  
  155  9:04  Ghost Academy  
  155  9:08  Viking  
  156  9:14  Viking  
  156  9:15  Terran Infantry Armor Level 2, Terran Infantry Weapons Level 2  
  158  9:18  Terran Ship Weapons Level 1  
  158  9:25  Supply Depot x2  
  158  9:31  Marine x3  
  160  9:32  Marine  
  160  9:36  Viking x2  
  160  9:37  Ghost  
  166  9:43  Ghost  
  166  9:45  Ghost  
  170  9:55  Marine x2  
  170  9:56  Marine x2  
  174  10:01  Liberator x3, Supply Depot  
  174  10:08  Command Center  
  174  10:11  Marine  
  174  10:12  Marauder  
  174  10:13  Marine  
  177  10:15  Marine x2  
  177  10:16  Marauder  
  190  10:25  Fusion Core  
  190  10:26  Supply Depot  
  190  10:29  Marine  
  190  10:30  Marauder  
  190  10:32  Viking  
  195  10:35  Marine  
  195  10:36  Marine x3  
  195  10:37  Marine  
  196  10:55  Marine, Marauder  
  199  11:05  Marine  
  199  11:09  Barracks  
  199  11:11  Starport Tech Lab, Barracks  
  200  11:12  Barracks  
  194  11:28  Ghost  
  194  11:29  Ghost x2  
  200  11:33  Advanced Ballistics  
  200  11:35  Planetary Fortress  
  198  12:09  Marine x2  
  198  12:38  Marauder  
  198  12:40  Marine  
  198  12:43  Barracks Tech Lab x3  
  197  12:44  Command Center x2  
  197  12:45  Command Center  
  197  12:47  Marine  
Show
View Real Time Build Order
Export as new Build Order

ObiWanPwnobi Protoss 

Build Orders: 1 Gate Expand, Colossus Rush 

Get SALT Encoding   

  12  0:01  Probe (Chrono Boost)  
  13  0:11  Probe (Chrono Boost)  
  14  0:17  Pylon  
  14  0:22  Probe (Chrono Boost)  
  16  0:35  Probe (Chrono Boost)  
  16  0:36  Gateway  
  16  0:42  Assimilator  
  16  0:46  Probe (Chrono Boost)  
  17  0:56  Probe (Chrono Boost)  
  18  1:07  Probe (Chrono Boost)  
  19  1:20  Nexus  
  19  1:30  Cybernetics Core  
  19  1:34  Probe (Chrono Boost)  
  20  1:41  Assimilator  
  20  1:45  Probe (Chrono Boost)  
  21  1:49  Pylon  
  21  1:55  Probe (Chrono Boost)  
  22  2:05  Probe (Chrono Boost)  
  22  2:08  Adept (Chrono Boost)  
  25  2:09  Warp Gate (Chrono Boost)  
  25  2:20  Mothership Core (Chrono Boost)  
  26  2:38  Robotics Facility  
  26  2:41  Probe x2 (Chrono Boost)  
  29  2:51  Probe (Chrono Boost)  
  29  2:52  Probe (Chrono Boost)  
  30  3:02  Probe x2 (Chrono Boost)  
  32  3:12  Probe x2 (Chrono Boost)  
  33  3:14  Gateway  
  33  3:19  Gateway  
  34  3:23  Probe  
  34  3:25  Probe  
  35  3:27  Observer (Chrono Boost), Pylon  
  37  3:35  Probe  
  37  3:36  Probe  
  39  3:45  Observer (Chrono Boost)  
  39  3:46  Assimilator  
  39  3:47  Probe x2  
  42  3:57  Robotics Bay  
  42  3:59  Probe x2 (Chrono Boost)  
  44  4:03  Assimilator  
  44  4:11  Probe x2 (Chrono Boost)  
  44  4:12  Stalker  
  44  4:14  Stalker  
  50  4:21  Probe x2 (Chrono Boost)  
  50  4:23  Pylon  
  52  4:32  Probe x2 (Chrono Boost)  
  52  4:35  Forge  
  54  4:42  Probe (Chrono Boost)  
  54  4:43  Probe (Chrono Boost)  
  54  4:44  Pylon  
  54  4:53  Probe x2 (Chrono Boost)  
  54  4:59  Pylon  
  56  5:02  Pylon  
  56  5:03  Probe (Chrono Boost)  
  56  5:04  Probe (Chrono Boost)  
  58  5:09  Protoss Ground Weapons Level 1  
  59  5:14  Probe x2 (Chrono Boost)  
  60  5:21  Colossus  
  60  5:22  Extended Thermal Lance  
  60  5:25  Probe (Chrono Boost)  
  60  5:26  Probe (Chrono Boost)  
  60  5:27  Sentry x2  
  72  5:35  Probe (Chrono Boost)  
  73  5:39  Nexus  
  73  5:46  Probe (Chrono Boost)  
  73  5:47  Probe (Chrono Boost)  
  75  5:52  Twilight Council  
  75  5:58  Gateway  
  75  5:59  Probe (Chrono Boost)  
  75  6:00  Probe (Chrono Boost), Gateway  
  75  6:03  Pylon  
  77  6:09  Probe (Chrono Boost)  
  77  6:10  Probe (Chrono Boost)  
  79  6:15  Colossus  
  85  6:20  Probe (Chrono Boost)  
  85  6:21  Probe (Chrono Boost)  
  87  6:28  Charge (Chrono Boost)  
  87  6:30  Probe x2  
  88  6:40  Assimilator, Probe, Gateway  
  88  6:41  Gateway  
  88  6:42  Probe  
  88  6:45  Assimilator, Pylon  
  89  6:50  Pylon  
  89  6:54  Stalker  
  89  6:55  Stalker x2  
  95  7:03  Probe  
  95  7:04  Probe  
  95  7:08  Probe, Protoss Ground Weapons Level 2, Colossus (Chrono Boost)  
  97  7:13  Stalker  
  106  7:21  Stalker x3  
  113  7:22  Probe  
  113  7:35  Gateway  
  112  7:37  Zealot  
  112  7:38  Probe  
  99  7:47  Stalker  
  99  7:48  Probe x2, Stalker x4  
  109  7:56  Probe  
  110  7:59  Pylon  
  110  8:00  Probe  
  110  8:01  Colossus (Chrono Boost)  
  117  8:13  Pylon  
  117  8:15  Probe x2  
  117  8:17  Probe  
  117  8:19  Resonating Glaives  
  120  8:20  Pylon  
  118  8:29  Probe  
  118  8:30  Probe  
  118  8:33  Nexus  
  119  8:35  Pylon  
  119  8:39  Probe  
  119  8:40  Templar Archives  
  120  8:43  Probe  
  120  8:45  Gateway  
  125  8:48  Immortal (Chrono Boost)  
  125  8:50  Pylon  
  125  8:51  Stalker x2  
  125  8:53  Sentry  
  129  9:11  Stalker x2  
  129  9:12  Stalker  
  132  9:21  Mothership Core  
  132  9:22  Stalker x3  
  140  9:24  Protoss Ground Armor Level 1  
  140  9:41  Zealot x3  
  140  9:44  Psionic Storm  
  140  9:45  Assimilator  
  146  9:49  Zealot  
  146  9:50  Assimilator  
  148  9:53  Photon Cannon  
  148  9:54  High Templar  
  150  10:02  Immortal (Chrono Boost)  
  151  10:08  High Templar x2  
  151  10:09  High Templar x3  
  151  10:11  High Templar  
  162  10:21  Blink  
  162  10:26  Probe  
  162  10:27  High Templar  
  162  10:28  Probe  
  166  10:38  Photon Cannon  
  166  10:39  Photon Cannon, Immortal (Chrono Boost)  
  166  10:42  Pylon  
  168  10:57  Pylon x3  
  148  11:16  Zealot x7  
  150  11:31  Probe  
  141  11:35  Immortal (Chrono Boost)  
  141  11:38  Stalker  
  141  11:39  Stalker x6  
  159  11:46  Probe  
  158  12:02  Zealot x3  
  161  12:09  Warp Prism (Chrono Boost)  
  161  12:11  Archon x2  
  161  12:13  High Templar  
  161  12:16  Zealot x2  
  147  12:30  Zealot x4  
  114  12:55  Zealot x6  
  94  13:02  Stalker  
Tags
 
Add a new tag
Caveats
  • Supply blocks, unpowered buildings, or Contaminate may cause inaccurate times.
  • Supply counts are checked every 10 seconds.